 Seeded DCSS version 0.28.0-45-g0d030f2227 (webtiles) character file.

Game seed: 9376642942419055868 (custom seed)

61 thiscave3701365 the Chopper (level 4, -2/41 HPs)
             Began as a Hill Orc Berserker on Apr 13, 2022.
             Was a Believer of Trog.
             Shot with a stone by a goblin (4 damage)
             ... led by Robin
             ... on level 2 of the Dungeon.
             The game lasted 00:01:07 (1220 turns).

thiscave3701365 the Chopper (Hill Orc Berserker)    Turns: 1220, Time: 00:01:08

Health: -2/41      AC:  4    Str: 21    XL:     4   Next: 7%
Magic:  4/4        EV: 12    Int:  7    God:    Trog [**....]
Gold:   46         SH:  0    Dex: 10    Spells: 3/3 levels left

rFire   . . .      SeeInvis .   e - +3 hand axe
rCold   . . .      Faith    .   (no shield)
rNeg    . . .      Spirit   .   b - +0 animal skin
rPois   .          Reflect  .   (no helmet)
rElec   .          Harm     .   f - +0 cloak
rCorr   .          Rampage  .   (no gloves)
Will    .....                   c - +0 pair of boots
Stlth   +.........              (no amulet)
HPRegen 0.13/turn               (no ring)
MPRegen 0.09/turn               (no ring)

@: on berserk cooldown, slowed, very slow
A: no striking features
a: Renounce Religion, Berserk, Trog's Hand


You were on level 2 of the Dungeon.
You worshipped Trog.
Trog was pleased with you.
You visited 1 branch of the dungeon, and saw 2 of its levels.

You collected 46 gold pieces.

Inventory:

Hand Weapons
 e - a +3 hand axe (weapon)
Armour
 b - a +0 animal skin (worn)
 c - a +0 pair of boots (worn)
 f - a +0 cloak (worn)
Jewellery
 g - a ring of magical power
Scrolls
 a - a scroll of torment {unknown}
Potions
 d - a potion of lignification {unknown}


   Skills:
 + Level 4.4 Fighting
 + Level 5.1 Axes
 + Level 2.5 Armour
 + Level 2.0 Dodging
 + Level 0.1 Stealth


You had 3 spell levels left.
You didn't know any spells.
Your spell library was empty.

Dungeon Overview and Level Annotations

Branches:
Dungeon (2/15)

Altars:


Message History

You hit Robin.
Robin is severely wounded.
You hit the hobgoblin.
You kill the hobgoblin!
Trog accepts your kill.
You can now call upon Trog for regeneration and willpower.
The bat hits you but does no damage.
Robin's bangles clink loudly.
Robin closely misses you. The ball python barely misses you. x2
Robin hits you but does no damage.
You hit Robin but do no damage.
Robin is severely wounded.
You hit the bat but do no damage. You hit the ball python.
You kill the ball python!
Trog accepts your kill. The bat barely misses you. Robin closely misses you.
The goblin shoots a stone.
The stone hits you.
* * * LOW HITPOINT WARNING * * *
The gnoll barely misses you. The bat hits you but does no damage.
You slash Robin!
You kill Robin!
Trog accepts your kill.
You hit the gnoll. You hit the bat.
You kill the bat!
Trog accepts your kill. The gnoll barely misses you.
The goblin shoots a stone.
The stone barely misses you.
Your Axes skill increases to level 5!
Your Dodging skill increases to level 2!
You slash the gnoll!
You kill the gnoll!
Trog accepts your kill.
The goblin shoots a stone.
The stone barely misses you.
You have reached level 4!
Items here: ( ))) ††.
You start resting.
A goblin is nearby!
A goblin is nearby!
The goblin shoots a stone.
The stone hits you.
You die...

... .........÷ ...
.######.## ... #.#. #.#
#.#. #.# #... #.## ###.
#######..# #...
.......))# #.# #.##
########@# #.# #.#
#.....†######.# #.#
.......g)....#.# #.##
........#!##.#.# #...
...............# #####
.........)†....#####....
.^.^.........!..........
#^_^#>.....###.#####....
#^.^#......# #.# #....


You could see a goblin.

Vanquished Creatures
  Robin (D:2)
  A gnoll (D:2)
  An adder (D:2)
  A worm (D:2)
  6 bats
  2 endoplasms (D:1)
  3 giant cockroaches
  4 goblins (D:2)
  2 hobgoblins (D:2)
  A quokka (D:2)
  5 ball pythons
  A kobold (D:1)
  A rat (D:1)
29 creatures vanquished.

Notes
Turn   | Place    | Note
-------+----------+-------------------------------------------
     0 | D:1      | thiscave3701365 the Hill Orc Berserker began the quest for
                  | the Orb.
     0 | D:1      | Reached XP level 1. HP: 19/19 MP: 1/1
   467 | D:1      | Reached XP level 2. HP: 27/27 MP: 2/2
   828 | D:2      | Reached XP level 3. HP: 20/33 MP: 3/3
  1202 | D:2      | Found a faded altar of an unknown god.
  1207 | D:2      | Noticed Robin
  1214 | D:2      | Reached ** piety under Trog
  1215 | D:2      | HP: 1/33 [goblin/stone[Robin] (5)]
  1216 | D:2      | Killed Robin
  1217 | D:2      | Reached skill level 5 in Axes
  1218 | D:2      | Reached XP level 4. HP: 2/41 MP: 4/4
  1220 | D:2      | Shot with a stone by a goblin

Illustrated notes

Levels and vault maps discovered:
D:1:      lightli_arrival_windingriver, layout_basic
D:2:      layout_basic, ebering_ecumenical_altar_webs, minmay_tetromino_t2,
          uniq_robin

Skill      XL: |  1  2  3 |
---------------+----------+-----
Fighting       | 4 |  4.4
Axes           | 5 |  5.1
Dodging        | 2 |  2.0
Armour         | |  2.5
Stealth        | |  0.1

Action                   |  1- 3 |  4- 6 || total
-------------------------+-------+-------++-------
Melee: Hand axe          |    64 |       ||    64
       Punch             |     3 |       ||     3
Invok: Berserk           |     1 |       ||     1
Armor: Animal skin       |    20 |       ||    20
Dodge: Dodged            |    62 |       ||    62
